 Dungeon Crawl Stone Soup version 0.28-a0-8-g6e044cf (webtiles) character file.

Game seed: 2239447192348464843

100972 Geeful the Warrior (level 16, -2/184 HPs)
             Began as an Ogre Monk on July 22, 2021.
             Was a High Priest of the Shining One.
             Killed from afar by an ogre mage (19 damage)
             ... with a bolt of magma
             ... while paralysed by an ogre mage
             ... on level 15 of the Dungeon on July 23, 2021.
             The game lasted 01:37:22 (37866 turns).

Geeful the Warrior (Ogre Monk)                     Turns: 37866, Time: 01:37:23

Health: -2/184     AC: 11    Str: 23    XL:     16   Next: 29%
Magic:  19/21      EV:  1    Int: 11    God:    the Shining One [*****.]
Gold:   3695       SH:  0    Dex: 18    Spells: 15/15 levels left

rFire   . . .      SeeInvis .   o - +4 giant spiked club (flame)
rCold   . . .      Faith    .   (shield currently unavailable)
rNeg    + + .      Spirit   .   x - +0 steam dragon scales
rPois   .          Reflect  +   h - +0 hat {Stlth+}
rElec   .          Harm     .   a - +0 cloak
rCorr   .          Rampage  .   (gloves unavailable)
Will    +....                   (boots unavailable)
Stlth   +.........              y - amulet of reflection
HPRegen 0.40/turn               b - +6 ring of dexterity
MPRegen 0.17/turn               A - +4 ring of protection

@: paralysed, divinely shielded, glowing
A: large, unfitting armour, tough skin 1
a: Renounce Religion, Divine Shield, Cleansing Flame, Summon Divine Warrior


You were on level 15 of the Dungeon.
You worshipped the Shining One.
The Shining One was extremely pleased with you.
You visited 4 branches of the dungeon, and saw 24 of its levels.
You also visited: Ossuary.

You collected 3695 gold pieces.

Inventory:

Hand Weapons
 o - a +4 giant spiked club of flaming (weapon)
 C - a +0 giant spiked club
Missiles
 c - 6 atropa-tipped darts
 d - 36 poisoned darts
 j - 4 throwing nets
 k - 5 silver javelins
 D - 13 large rocks
 N - 7 boomerangs of dispersal
 R - 3 curare-tipped darts
 T - 5 datura-tipped darts (quivered)
Armour
 a - a +0 cloak (worn)
 e - a +0 robe of resistance
 h - a +0 hat of stealth (worn)
 x - +0 steam dragon scales (worn)
Jewellery
 b - a +6 ring of dexterity (left hand)
 y - an amulet of reflection (around neck)
 A - a +4 ring of protection (right hand)
 E - a ring of protection from cold
 F - a ring of poison resistance
 G - a ring of protection from fire
 H - a ring of resist corrosion
 K - a ring of ice
 Q - a +6 ring of strength
Wands
 p - a wand of digging (6)
 z - a wand of paralysis (23)
 J - a wand of iceblast (16)
 O - a wand of mindburst (13)
 P - a wand of polymorph (12)
Scrolls
 i - 2 scrolls of holy word
 n - 4 scrolls of amnesia
 q - a scroll of immolation
 w - 5 scrolls of teleportation
 B - 3 scrolls of silence
 I - 10 scrolls of identify
 L - 3 scrolls of fog
Potions
 f - 2 potions of curing
 g - 7 potions of attraction
 l - 2 potions of haste
 m - 3 potions of flight
 r - a potion of resistance
 s - 3 potions of mutation
 t - a potion of cancellation
 u - 4 potions of lignification
 v - 3 potions of brilliance
 M - a potion of magic


   Skills:
 + Level 17.6 Fighting
 + Level 13.0 Maces & Flails
 + Level 13.7 Throwing
 + Level 13.0 Dodging
 - Level 1.4 Stealth
 + Level 7.5 Invocations


You had 15 spell levels left.
You didn't know any spells.
Your spell library contained the following spells:

 Spells                   Type           Power      Damage    Failure   Level
 Sting                    Tmut/Pois      0%         1d3       34%         1
 Blink                    Tloc           N/A        N/A       47%         2
 Poisonous Vapours        Pois/Air       0%         N/A       47%         2
 Slow                     Hex            0%         N/A       47%         2
 Confusing Touch          Hex            0%         N/A       71%         3
 Frozen Ramparts          Ice            0%         1d2       71%         3
 Vampiric Draining        Necr           0%         2d6       71%         3
 Animate Armour           Summ/Erth      0%         N/A       98%         4
 Ice Form                 Ice/Tmut       0%         N/A       98%         4
 Olgreb's Toxic Radiance  Pois           0%         N/A       98%         4
 Summon Ice Beast         Ice/Summ       0%         N/A       98%         4
 Blade Hands              Tmut           0%         N/A       100%        5
 Manifold Assault         Tloc           0%         N/A       100%        5
 Iron Shot                Conj/Erth      0%         9d1       100%        6
 Storm Form               Tmut/Air       0%         N/A       100%        7


Dungeon Overview and Level Annotations

Branches:
Dungeon (15/15)            Temple (1/1) D:4            Lair (6/6) D:9
  Swamp (0/4) Lair:3       Spider (0/4) Lair:2        Slime (0/5) Lair:6
    Orc (2/2) D:11            Elf (0/3) Orc:2        Vaults (0/5) D:13
Ossuary (visited)
 Depths: D:15

Altars:
Ashenzari
Cheibriados
Dithmenos
Elyvilon
Fedhas
Gozag
Hepliaklqana
Kikubaaqudgha
Makhleb
Nemelex Xobeh
Okawaru
Qazlal
Ru
Sif Muna
Trog
Uskayaw
Vehumet
Wu Jian
Xom
Yredelemnul
Zin
The Shining One
Beogh
Jiyva

Shops:
D:10 (   Orc:2 :[*(

Portals:
Hell: Lair:6

Annotations:
D:9 3 runed translucent doors, Geeful's ghost, journeyman DsNe
D:10 1 runed translucent door, RazingBull's ghost, novice HOFi
D:14 exclusion: 2 downstairs
Lair:1 1 runed translucent door, Jonigroh's ghost, novice DrCj
Lair:6 1 runed translucent door


Innate Abilities, Weirdness & Mutations

You are too large for most types of armour.
You have tough skin. (AC +1)


Message History

You thump the cyclops! You burn the cyclops.
You kill the cyclops!
The ogre mage closely misses you.
You bludgeon the two-headed ogre!! You burn the two-headed ogre!
The two-headed ogre is heavily wounded.
The two-headed ogre hits you with a +0 giant club! x2
You block the ogre mage's attack.
You are too injured to fight recklessly!
A divine shield forms around you! You block the two-headed ogre's attack.
The two-headed ogre hits you with a +0 giant club!
The ogre mage hits you but does no damage.
You are too injured to fight recklessly!
You sock the two-headed ogre! You burn the two-headed ogre.
The two-headed ogre is severely wounded.
The two-headed ogre misses you. The two-headed ogre closely misses you.
The ogre mage barely misses you.
You puncture the two-headed ogre! You burn the two-headed ogre.
You kill the two-headed ogre!
You block the ogre mage's attack.
You sock the ogre mage! You burn the ogre mage.
The ogre mage is lightly wounded.
The ogre mage hits you with a +0 club. The two-headed ogre misses you.
The two-headed ogre hits you with a +0 giant club!
* * * LOW HITPOINT WARNING * * *
You bludgeon the ogre mage!! You burn the ogre mage.
The ogre mage is severely wounded.
You block the ogre mage's attack. The two-headed ogre closely misses you.
You block the two-headed ogre's attack.
You hit the ogre mage. You burn the ogre mage.
The ogre mage is severely wounded.
The ogre mage casts a spell at you.
You suddenly lose the ability to move!
The ogre mage completely misses you.
The two-headed ogre hits you with a +0 giant club!!
* * * LOW HITPOINT WARNING * * *
The two-headed ogre hits you with a +0 giant club.
* * * LOW HITPOINT WARNING * * *
The ogre mage casts a spell at you. The bolt of magma hits you!!
You die...

#.....?............... .
#.......(............ ..
#.$.................# ...
#.................).##....
##........... #..........
#COc.......#.#####...##....
#.......#..#....##..## .
#<.O....##.#.........##.......#..
#..c.......###.O@................
.#O............O.................
.##..................##..........
. ........#......................
. ###.....#.####.................
. ....... ##....##........... .
#...###[# #......#...รท.......
...####..# ##.....#...........
.........####....##...........


You could see a two-headed ogre and an ogre mage.

Vanquished Creatures
  Gastronok (Lair:2)
  2 orc warlords (Orc:2)
  Azrael (D:15)
  8 hydras
  5 boulder beetles
  Erica (Lair:2)
  8 vault guards (D:13)
  A death knight (D:14)
  An ogre mage (Orc:2)
  17 two-headed ogres
  2 catoblepae
  4 centaur warriors
  3 death yaks
  Sonja (D:13)
  An orc high priest (Orc:2)
  A sixfirhy (Lair:6)
  9 skeletal warriors
  A wizard (Lair:6)
  6 orc knights
  2 orc sorcerers (Orc:2)
  11 ugly things
  3 cyclopes
  A manticore (D:14)
  A smoke demon (Lair:6)
  4 black mambas
  13 elephants
  A torpor snail (Lair:4)
  An unseen horror (D:11)
  4 orange demons (Lair:6)
  12 cane toads
  6 rime drakes (Lair:6)
  10 komodo dragons
  3 kobold demonologists (D:11)
  An ice devil (Lair:6)
  3 polar bears
  A red devil (Lair:6)
  A jumping spider (Lair:2)
  4 trolls
  A merfolk (D:14)
  4 blink frogs
  A troll (shapeshifter) (D:14)
  2 hornets
  A tyrant leech (Lair:3)
  10 slime creatures
  4 wraiths
  A tarantella (shapeshifter) (D:14)
  A centaur simulacrum (D:10)
  A vampire (D:10)
  A wyvern (Lair:4)
  5 fire elementals (D:15)
  42 yaks
  6 vampire mosquitoes
  5 steam dragons
  7 basilisks
  5 wargs
  2 acid dragons (D:11)
  A swamp worm (Lair:3)
  21 water moccasins
  5 hell hounds
  2 black bears
  33 orc warriors
  A sky beast (D:5)
  An ice beast (D:7)
  A hornet zombie (D:8)
  3 wolves (Lair:5)
  7 ogres
  5 boggarts (D:14)
  11 centaurs
  A phantom (D:7)
  3 kobold brigands
  9 bullfrogs
  2 gnoll sergeants
  2 scorpions
  5 killer bees (D:8)
  2 electric eels (Lair:1)
  7 wights
  A howler monkey (D:8)
  9 centaur zombies
  Crazy Yiuf (D:4)
  A hound (D:7)
  A jelly (D:7)
  16 orc priests
  4 bullfrog skeletons
  4 centaur skeletons
  Jessica (D:3)
  Terence (D:3)
  3 iguanas
  29 orc wizards
  5 hell rats (Lair:3)
  A killer bee zombie (D:8)
  13 mummies (Ossuary)
  11 gnolls
  11 adders
  A shadow imp (D:6)
  2 ufetubi (D:7)
  An adder zombie (D:5)
  3 worms
  2 dart slugs (D:3)
  76 orcs
  3 endoplasms
  A giant cockroach (D:4)
  6 hobgoblins
  4 jackals (D:3)
  5 quokkas
  5 ball pythons
  3 bats
  3 frilled lizards
  2 gnoll skeletons (Ossuary)
  6 goblins
  2 goblin skeletons (Ossuary)
  14 kobolds
  2 kobold skeletons (Ossuary)
  2 orc skeletons (Ossuary)
  2 rats
  11 rat skeletons (Ossuary)
644 creatures vanquished.

Vanquished Creatures (collateral kills)
  An ugly thing (D:15)
  A cyclops (D:15)
2 creatures vanquished.

Vanquished Creatures (others)
  2 ugly things (D:15)
  A vampire (D:9)
  An orc priest (Orc:2)
  33 fungi
  52 plants
89 creatures vanquished.

Grand Total: 735 creatures vanquished

Notes
Turn   | Place    | Note
-------+----------+-------------------------------------------
     0 | D:1      | Geeful the Ogre Monk began the quest for the Orb.
     0 | D:1      | Reached XP level 1. HP: 24/24 MP: 1/1
   699 | D:1      | Reached XP level 2. HP: 26/32 MP: 2/2
  1416 | D:2      | Reached XP level 3. HP: 39/40 MP: 3/3
  1424 | D:2      | Found a faded altar of an unknown god.
  1848 | D:2      | Reached skill level 1 in Throwing
  1848 | D:2      | Reached XP level 4. HP: 30/49 MP: 4/4
  2226 | D:3      | Noticed Jessica
  2228 | D:3      | Noticed Terence
  2259 | D:3      | Killed Terence
  2260 | D:3      | Reached skill level 5 in Fighting
  2260 | D:3      | Killed Jessica
  2442 | D:3      | Reached XP level 5. HP: 56/57 MP: 5/5
  3341 | D:4      | Reached XP level 6. HP: 32/67 MP: 6/6
  3565 | D:4      | Found a sand-covered staircase.
  3575 | Ossuary  | Entered an ossuary
  4505 | Ossuary  | Reached skill level 6 in Fighting
  5138 | Ossuary  | Reached XP level 7. HP: 61/75 MP: 7/7
  6287 | D:4      | Noticed a yak
  6287 | D:4      | Noticed a yak
  6288 | D:4      | Noticed a yak
  6289 | D:4      | Noticed a yak
  6290 | D:4      | Noticed a yak
  6291 | D:4      | Killed a yak
  6297 | D:4      | Killed a yak
  6298 | D:4      | Reached skill level 7 in Fighting
  6298 | D:4      | Reached skill level 5 in Dodging
  6298 | D:4      | Reached XP level 8. HP: 65/87 MP: 8/8
  6303 | D:4      | Killed a yak
  6304 | D:4      | Reached skill level 5 in Maces & Flails
  6313 | D:4      | Killed a yak
  6314 | D:4      | Killed a yak
  6962 | D:4      | Found a staircase to the Ecumenical Temple.
  6966 | Temple   | Entered the Ecumenical Temple
  7220 | D:4      | Found a runed translucent door.
  7221 | D:4      | Noticed Crazy Yiuf
  7230 | D:4      | Killed Crazy Yiuf
  7231 | D:4      | Reached skill level 8 in Fighting
  7567 | D:5      | Entered Level 5 of the Dungeon
  7696 | D:5      | Reached skill level 5 in Throwing
  8011 | D:5      | Reached XP level 9. HP: 88/97 MP: 9/9
  8707 | D:5      | Found a bloodstained altar of Trog.
  8796 | D:6      | Found a white marble altar of Elyvilon.
  9487 | D:6      | You fall into a shaft and drop 1 floor!
  9506 | D:7      | Reached skill level 9 in Fighting
 10601 | D:7      | Reached XP level 10. HP: 84/110 MP: 10/10
 11232 | D:7      | Reached skill level 10 in Fighting
 11526 | D:8      | Found an ornate altar of the Wu Jian Council.
 12201 | D:8      | Upgraded the game from 0.28-a0-2-g643f245 to
                  | 0.28-a0-6-g334057b
 12360 | D:8      | Found a glowing golden altar of the Shining One.
 12404 | D:8      | Noticed an angel
 12409 | D:8      | Became a worshipper of the Shining One
 12409 | D:8      | Reached * piety under the Shining One
 12409 | D:8      | Reached ** piety under the Shining One
 12418 | D:8      | Found a basalt altar of Yredelemnul.
 12420 | D:8      | Noticed a profane servitor
 13242 | D:9      | Reached skill level 11 in Fighting
 13339 | D:9      | Found a staircase to the Lair.
 13386 | D:9      | Found a runed translucent gate.
 13386 | D:9      | Found a runed translucent gate.
 13386 | D:9      | Found a runed translucent gate.
 13387 | D:9      | Noticed Geeful's ghost (journeyman DsNe)
 13648 | D:9      | Noticed a two-headed ogre
 13654 | D:9      | Killed a two-headed ogre
 13655 | D:9      | Reached XP level 11. HP: 84/120 MP: 11/11
 13848 | D:9      | Found an opulent altar of Gozag.
 14039 | D:10     | Entered Level 10 of the Dungeon
 14113 | D:10     | Found Hoky's Weapon Emporium.
 14157 | D:10     | Found a runed translucent door.
 14159 | D:10     | Reached *** piety under the Shining One
 14160 | D:10     | Identified the +10 trident "Qaipaum" {freeze, rPois Dex+10}
 14160 | D:10     | Noticed RazingBull's ghost (novice HOFi)
 14162 | D:10     | Noticed a spriggan rider
 14214 | D:10     | Noticed a two-headed ogre
 14226 | D:10     | Killed a two-headed ogre
 14329 | D:10     | Found a shimmering altar of Xom.
 14331 | D:10     | Found a snail-covered altar of Cheibriados.
 14335 | D:10     | Found an iron altar of Okawaru.
 14635 | D:10     | Found an ancient bone altar of Kikubaaqudgha.
 15105 | D:11     | Noticed a two-headed ogre
 15111 | D:11     | Killed a two-headed ogre
 15112 | D:11     | Reached skill level 12 in Fighting
 15121 | D:11     | Noticed a cyclops
 15133 | D:11     | Killed a cyclops
 15319 | D:11     | Noticed a four-headed hydra
 15327 | D:11     | Killed a four-headed hydra
 15702 | D:11     | Noticed a two-headed ogre
 15705 | D:11     | Noticed a skeletal warrior
 15708 | D:11     | Noticed a skeletal warrior
 15725 | D:11     | Killed a two-headed ogre
 15726 | D:11     | Reached XP level 12. HP: 82/133 MP: 12/12
 16089 | D:11     | Reached skill level 13 in Fighting
 16091 | D:11     | Reached **** piety under the Shining One
 16899 | D:11     | Found a staircase to the Orcish Mines.
 16927 | D:11     | Identified the +1 ring mail of the Gardener {*Corrode
                  | Dex+5}
 17209 | Lair:1   | Entered Level 1 of the Lair of Beasts
 17431 | Lair:1   | Found a runed translucent door.
 17432 | Lair:1   | Noticed Jonigroh's ghost (novice DrCj)
 17570 | Lair:1   | Noticed a four-headed hydra
 17575 | Lair:1   | Killed a four-headed hydra
 17576 | Lair:1   | Reached skill level 10 in Throwing
 17882 | Lair:1   | You fall into a shaft and drop 1 floor!
 17888 | Lair:2   | Found a hole to the Spider Nest.
 19030 | Lair:2   | Reached skill level 10 in Dodging
 19033 | Lair:2   | Noticed Gastronok
 19040 | Lair:2   | Killed Gastronok
 19041 | Lair:2   | Reached skill level 10 in Maces & Flails
 19417 | Lair:2   | Reached skill level 14 in Fighting
 19417 | Lair:2   | Reached XP level 13. HP: 102/146 MP: 13/13
 19749 | Lair:2   | Noticed Erica
 19766 | Lair:2   | Killed Erica
 20741 | Lair:3   | Found a staircase to the Swamp.
 22840 | Lair:4   | Reached skill level 15 in Fighting
 23464 | Lair:4   | Reached XP level 14. HP: 157/159 MP: 14/14
 23801 | Lair:4   | Upgraded the game from 0.28-a0-6-g334057b to
                  | 0.28-a0-8-g6e044cf
 24121 | Lair:5   | Reached ***** piety under the Shining One
 24325 | Lair:6   | Entered Level 6 of the Lair of Beasts
 25000 | Lair:6   | Found a runed translucent door.
 25008 | Lair:6   | Found a viscous altar of Jiyva.
 25285 | Lair:6   | Reached skill level 1 in Invocations
 25401 | Lair:6   | Found a staircase to the Slime Pits.
 25885 | Lair:6   | Reached skill level 16 in Fighting
 26106 | Lair:6   | Found a burning altar of Makhleb.
 26450 | Lair:6   | Found a gateway to Hell.
 26720 | Orc:1    | Entered Level 1 of the Orcish Mines
 26873 | Orc:2    | Entered Level 2 of the Orcish Mines
 28906 | Orc:2    | Reached XP level 15. HP: 164/171 MP: 16/18
 29448 | Orc:2    | Noticed an orc warlord
 29465 | Orc:2    | Killed an orc warlord
 29706 | Orc:2    | Noticed an orc warlord
 29728 | Orc:2    | Killed an orc warlord
 30187 | Orc:2    | Paralysed by an orc sorcerer for 2 turns
 30442 | Orc:2    | Reached skill level 5 in Invocations
 30647 | Orc:2    | Found Xokh's General Store.
 30669 | Orc:2    | Found Feral's Book Boutique.
 30691 | Orc:2    | Found a staircase to the Elven Halls.
 30824 | Orc:2    | Found Xalizaph's Antique Armour Boutique.
 31326 | Orc:2    | Found a shimmering blue altar of Sif Muna.
 31386 | Orc:2    | Found Rosegat's Antique Weapon Boutique.
 32928 | D:13     | Found a gate to the Vaults.
 32936 | D:13     | Reached skill level 17 in Fighting
 33570 | D:13     | Reached ****** piety under the Shining One
 33710 | D:13     | Noticed Sonja
 33713 | D:13     | Killed Sonja
 35015 | D:14     | Reached XP level 16. HP: 85/183 MP: 21/21
 35266 | D:14     | Identified a scroll of acquirement
 35266 | D:14     | Acquired 1215 gold pieces
 36110 | D:15     | Entered Level 15 of the Dungeon
 36189 | D:15     | Noticed Azrael
 36199 | D:15     | Killed Azrael
 36797 | D:14     | HP: 9/183 [centaur/arrow[a centaur warrior] (3)]
 36812 | D:14     | HP: 4/274 [two-headed ogre (13)]
 37864 | D:15     | Paralysed by an ogre mage for 3 turns
 37866 | D:15     | Killed from afar by an ogre mage

Illustrated notes

Levels and vault maps discovered:
D:1:      dpeg_arrival_rooms_with_view, layout_loops_ring
D:2:      layout_loops_ring, hellmonk_ecumenical_altar_inner_sanctum
D:3:      layout_basic, uniq_terence, uniq_jessica
D:4:      minmay_evil_eye, layout_loops_ring, temple_hall_moat,
          lightli_ossuary_entry_decrepit_ruins, uniq_crazy_yiuf_cottage
D:5:      layout_basic, nicolae_overflow_hidden_temple,
          minmay_a_box_with_orc_wizards_in_it
D:6:      layout_gridville, mainiacjoe_overflow_paths, serial_shops,
          kennysheep_mini, chequers_avenue
D:7:      layout_loops_corners, nzn_random_ring
D:8:      layout_gridville, grunt_temple_overflow_holy_war,
          nicolae_overflow_crystal_walls
D:9:      layout_basic, grunt_gozag_breadcrumbs, grunt_lair_entry_orc_guard_hut,
          gammafunk_ghost_spectres
D:10:     layout_basic, mainiacjoe_overflow_catwalk, minitemple, serial_shops,
          shop, ebering_ghost_funeral_grove
D:11:     layout_loops_corners, david_orc_4
D:12:     layout_roguey, roderic_roman_lattice
D:13:     layout_cave_pods, erik_vaults_2, serial_column_ruins,
          column_ruins_open_tiny, column_ruins_corridor_plus,
          column_ruins_open_medium, column_ruins_open_tiny, column_ruins_grid_3,
          column_ruins_columns_straight, column_ruins_open_tiny,
          chequers_serial_rivers_room_b, corexii_corridor_pit, uniq_sonja
D:14:     layout_cave_pods, infiniplex_staircase_9_rooms, hangedman_fish_farm
D:15:     gammafunk_enter_depths_forms, layout_cave_pools,
          nicolae_tso_swordbearing_angel, uniq_azrael
Temple:   minmay_temple_bridge_abc
Lair:1:   layout_small_grid, ebering_ghost_inner_flame, st_stairs_13,
          serial_bayou_lagoon_b
Lair:2:   layout_roguey, spider_nest_entry_rubble, beast_lair_carwin_10,
          serial_bayou_shore_a, infiniplex_staircase_pool, uniq_gastronok,
          uniq_erica
Lair:3:   layout_layer_cave, minmay_swamp_entry_worms, grunt_megastairs_2
Lair:4:   nzn_winding_woodlands_small [nzn_winding_woodlands_5x15_parted,
          nzn_winding_woodlands_center_triple_pond,
          nzn_winding_woodlands_5x15_longhouse], layout_regular_city,
          beast_lair_carwin_3
Lair:5:   layout_big_grid
Lair:6:   evil_forest, layout_regular_city, slime_altar_2
Orc:1:    layout_caves
Orc:2:    grunt_orc_cross, layout_caves, kennysheep_orc_sif_temple

Skill      XL: |  1  2  3  4  5  6  7  8  9 10 11 12 13 14 15 16 |
---------------+-------------------------------------------------+-----
Maces & Flails | 3 4 5 6 8 9 10 11 12 13 | 13.0
Dodging        | 3 4 5 6 8 9 10 11 12 13 | 13.0
Throwing       | 1 2 3 4 5 6 8 9 10 11 12 13 | 13.7
Fighting       | 5 6 7 8 9 11 12 14 15 16 17 | 17.6
Invocations    | 4 6 7 |  7.5
Stealth        | |  1.4

Action                   |  1- 3 |  4- 6 |  7- 9 | 10-12 | 13-15 | 16-18 || total
-------------------------+-------+-------+-------+-------+-------+-------++-------
Melee: Mace              |    99 |   222 |    52 |       |       |       ||   373
       Giant spiked club |       |       |   205 |   348 |   731 |    77 ||  1361
Throw: Dart              |     9 |    12 |    35 |    44 |   108 |     5 ||   213
       Javelin           |       |    18 |     8 |     2 |     6 |     2 ||    36
       Throwing net      |       |       |     1 |       |       |       ||     1
       Large rock        |       |       |       |    12 |    42 |     4 ||    58
Invok: Divine Shield     |       |       |       |     2 |     8 |     5 ||    15
       Cleansing Flame   |       |       |       |       |     2 |     3 ||     5
Evoke: Wand              |       |       |       |       |       |     2 ||     2
  Use: Scroll            |     2 |     2 |     9 |    10 |     7 |     3 ||    33
       Potion            |       |       |     1 |     4 |     2 |    13 ||    20
 Stab: Sleeping          |     5 |     4 |     3 |     1 |       |       ||    13
Armor: Robe              |    17 |    46 |    50 |       |       |       ||   113
       Steam dragon scal |       |       |    58 |   145 |   185 |    59 ||   447
       Skin              |       |       |       |       |       |     6 ||     6
Dodge: Dodged            |    50 |   118 |   257 |   254 |   489 |   130 ||  1298
Block: Other             |       |       |       |   112 |   244 |    88 ||   444
       Reflection        |       |       |       |     4 |     4 |     8 ||    16

Table legend: (Time is in decaauts)
 A = Elapsed time spent in this place.
 B = Non-inter-level travel time spent in this place.
 C = Inter-level travel time spent in this place.
 D = Time resting spent in this place.
 E = Time spent auto-exploring this place.
 F = Levels seen in this place.
 G = Mean time per level.
                   A        B        C        D        E       F      G
               +--------+--------+--------+--------+--------+-----+--------+
         Total |  38378 |  37296 |   1082 |   6569 |  24350 |  25 | 1535.1 |
       Dungeon |  22002 |  21301 |    701 |   2464 |  15673 |  15 | 1466.8 |
        Temple |    111 |     91 |     20 |      0 |     20 |   1 |  111.0 |
          Lair |   9570 |   9312 |    258 |    704 |   6970 |   6 | 1595.0 |
  Orcish Mines |   4859 |   4757 |    102 |   2260 |   1461 |   2 | 2429.5 |
       Ossuary |   1834 |   1834 |      0 |   1140 |    225 |   1 | 1834.0 |
               +--------+--------+--------+--------+--------+-----+--------+

Top non-repeatable levels by time:
    D:14: 3043 daAuts
   Orc:2: 2879 daAuts
     D:4: 2444 daAuts
    D:11: 2343 daAuts
  Lair:6: 2222 daAuts
     D:7: 2084 daAuts
  Lair:4: 1986 daAuts
   Orc:1: 1979 daAuts
 Ossuary: 1834 daAuts
  Lair:1: 1810 daAuts
  Lair:3: 1804 daAuts
     D:5: 1691 daAuts
    D:12: 1488 daAuts
     D:8: 1427 daAuts
    D:13: 1426 daAuts
